 Dungeon Sprint DCSS version 0.30-a0-358-g0d69a1922f (webtiles) character file.

Game seed: 4602641160839252033

1977617 rocky1 the Axe Maniac (level 21, 151/224 HPs)
             Began as a Hill Orc Fighter on Nov 9, 2022.
             Was an Initiate of Gozag.
             Escaped with the Orb
             ... and 2 runes!
             The game lasted 01:19:07 (17664 turns).

rocky1 the Axe Maniac (Hill Orc Fighter)           Turns: 17664, Time: 01:19:08

Health: 151/224    AC: 60    Str: 30    XL:     21   Next: 11%
Magic:  50/50      EV: 23    Int: 17    God:    Gozag
Gold:   4969       SH: 27    Dex: 20    Spells: 55/71 levels left

rFire   + + +      SeeInvis .    N - +9 broad axe
rCold   + . .      Faith    .    F - +3 kite shield {AC+3}
rNeg    . . .      Spirit   .    w - +14 gold dragon scales
rPois   +          Reflect  +    B - +2 helmet {Int+3}
rElec   +          Harm     .    C - +4 dragonskin cloak
rCorr   +          Rampage  +    b - +0 pair of gloves of Hangman {Will+ Stlth+}
Will    ++...      NoTele   +    D - +2 pair of boots {rampage}
Stlth   ..........               X - amulet of Trepidation {Reflect Dex+3 Slay+4 SH+5}
HPRegen 0.57/turn                x - ring of Departure {rElec rCorr Dex+3}
MPRegen 0.32/turn                V - ring of the Kangaroo {rF++ Str+2 Int+4 Dex+4 Slay+5}

@: gold aura, studying Staves
A: talons 1, MP-powered wands
0: Orb of Zot
}: 2/3 runes: silver, iron
a: Renounce Religion, Potion Petition, Call Merchant, Bribe Branch


You escaped.
You worshipped Gozag.
Gozag was most pleased with you.
You visited 1 branch You collected 50063 gold pieces.
You spent 12710 gold pieces at shops.
You paid 32384 gold pieces to Gozag.

Inventory:

Hand Weapons
 a - a +6 broad axe of flaming
 k - the +9 broad axe of Goocw {spect, *Noise rF+ rCorr Str+2}
   (You found it in the Dungeon)

   When its wielder attacks, the weapon's spirit leaps out and strikes again.
   The spirit shares a part of any damage it takes with its wielder.
   Str:       It affects your strength (+2).
   rF:        It protects you from fire.
   *Noise:    It may make noises in combat.
   rCorr:     It protects you from acid and corrosion.
 q - a +9 vampiric lajatang
 N - a +9 broad axe (weapon)
Armour
 b - the +0 pair of gloves of Hangman (worn) {Will+ Stlth+}
   (You bought it in a shop in the Dungeon)

   Will:      It increases your willpower.
   Stlth:     It makes you more stealthy.
 i - a +2 pair of gloves of strength
 l - the +8 plate armour "Giotsi" {Str+10 Int-4 SInv Stlth+}
   (You bought it in a shop in the Dungeon)

   Str:       It affects your strength (+10).
   Int:       It affects your intelligence (-4).
   SInv:      It lets you see invisible.
   Stlth:     It makes you more stealthy.
 o - the +2 pair of boots "Sap Zeidd" {Harm}
   (You bought it in a shop in the Dungeon)

   Harm:      It increases damage dealt and taken.
 p - the +12 chain mail of the Carpenter {rElec Will+ Slay+2}
   (You bought it in a shop in the Dungeon)

   Slay:      It affects your accuracy & damage with ranged weapons and melee
   (+2).
   rElec:     It insulates you from electricity.
   Will:      It increases your willpower.
 w - +14 gold dragon scales (worn)
 B - a +2 helmet of intelligence (worn)
 C - the +4 dragonskin cloak (worn)
   (You took it off Tiamat in the Dungeon)

   It grants the wearer a chance to resist fire, cold, poison, electricity,
   acid, and negative energy.
 D - a +2 pair of boots of rampaging (worn)
 F - a +3 kite shield of protection (worn)
 P - a +2 helmet of see invisible
 Q - a scarf of resistance
Jewellery
 n - the ring "Ulut" {Fire +Blink Int+9 Dex-2}
   (You found it in the Dungeon)

   [ring of fire]

   It enhances your fire magic.
   Int:       It affects your intelligence (+9).
   Dex:       It affects your dexterity (-2).
   rF:        It protects you from fire.
   rC:        It makes you vulnerable to cold.
   +Blink:    It lets you blink.
 x - the ring of Departure (left hand) {rElec rCorr Dex+3}
   (You found it in the Dungeon)

   [ring of resist corrosion]

   Dex:       It affects your dexterity (+3).
   rElec:     It insulates you from electricity.
   rCorr:     It protects you from acid and corrosion.
 H - the ring of the First Heavens {rN+ Will+ Slay+4}
   (You acquired it in the Dungeon)

   [ring of slaying]

   Slay:      It affects your accuracy & damage with ranged weapons and melee
   (+4).
   rN:        It protects you from negative energy.
   Will:      It increases your willpower.
 V - the ring of the Kangaroo (right hand) {rF++ Str+2 Int+4 Dex+4 Slay+5}
   (You found it in the Dungeon)

   [ring of slaying]

   Str:       It affects your strength (+2).
   Int:       It affects your intelligence (+4).
   Dex:       It affects your dexterity (+4).
   Slay:      It affects your accuracy & damage with ranged weapons and melee
   (+5).
   rF:        It greatly protects you from fire.
 X - the amulet of Trepidation (around neck) {Reflect Dex+3 Slay+4 SH+5}
   (You found it in the Dungeon)

   [amulet of reflection]

   It reflects blocked missile attacks.
   Dex:       It affects your dexterity (+3).
   Slay:      It affects your accuracy & damage with ranged weapons and melee
   (+4).
   SH:        It affects your SH (+5).
Wands
 m - a wand of acid (4)
Scrolls
 R - 2 scrolls of fear
 T - a scroll of immolation
Potions
 e - 15 potions of curing
 f - 18 potions of heal wounds
 g - 3 potions of haste
 h - 12 potions of magic
 j - 3 potions of berserk rage
 t - 3 potions of brilliance
 u - 10 potions of mutation
 z - a potion of lignification
 A - 2 potions of flight
 O - 3 potions of ambrosia
 U - a potion of invisibility
Miscellaneous
 c - a tin of tremorstones (2/2)
 d - a phantom mirror
 s - a condenser vane
 J - a lightning rod (4/4)


   Skills:
 O Level 27 Fighting
 O Level 27 Axes
 O Level 27 Armour
 O Level 27 Dodging
 - Level 10.7 Stealth
 O Level 27 Shields
 + Level 25.9 Spellcasting
 + Level 15.6 Summonings
 O Level 27 Fire Magic
 O Level 27 Evocations


You had 55 spell levels left.
You knew the following spells:

 Your Spells              Type           Power      Damage    Failure   Level
a - Ignition              Fire           42%        3d12      1%          8
b - Summon Horrible Thin  Summ           33%        N/A       65%         8

Your spell library contained the following spells:

 Spells                   Type           Power      Damage    Failure   Level
 Call Imp                 Summ           66%        N/A       1%          2
 Ignite Poison            Fire/Tmut/Pois 51%        N/A       1%          3
 Kindle Blastsparks       Fire/Tloc/Air  100%       2d18      1%          3
 Sticky Flame             Conj/Fire      61%        2d8       1%          4
 Animate Armour           Summ/Erth      96%        N/A       3%          4
 Summon Lightning Spire   Summ/Air       48%        N/A       3%          4
 Starburst                Conj/Fire      30%        6d9       5%          6
 Kiss of Death            Conj/Necr      88%        2d12      9%          1
 Magic Dart               Conj           88%        1d7       9%          1
 Sting                    Tmut/Pois      88%        1d7       9%          1
 Ensorcelled Hibernation  Hex/Ice        44%        N/A       13%         2
 Poisonous Vapours        Pois/Air       44%        N/A       13%         2
 Dazzling Flash           Conj/Hex       44%        N/A       26%         3
 Mephitic Cloud           Conj/Pois/Air  22%        N/A       26%         3
 Ozocubu's Armour         Ice            22%        N/A       26%         3
 Portal Projectile        Hex/Tloc       44%        N/A       26%         3
 Spider Form              Tmut/Pois      22%        N/A       26%         3
 Stone Arrow              Conj/Erth      44%        3d9       26%         3
 Tukima's Dance           Hex            22%        N/A       26%         3
 Anguish                  Hex/Necr       11%        N/A       65%         4
 Iskenderun's Mystic Bla  Conj/Tloc      22%        2d6       65%         4
 Olgreb's Toxic Radiance  Pois           22%        N/A       65%         4
 Passage of Golubria      Tloc           22%        N/A       65%         4
 Agony                    Necr           22%        N/A       94%         5
 Alistair's Intoxication  Tmut/Pois      14%        N/A       94%         5
 Borgnjor's Vile Clutch   Necr/Erth      11%        N/A       94%         5
 Metabolic Englaciation   Hex/Ice        11%        N/A       94%         5
 Silence                  Hex/Air        11%        N/A       94%         5
 Yara's Violent Unravell  Hex/Tmut       11%        3d6       94%         5
 Haunt                    Necr/Summ      24%        N/A       96%         7
 Malign Gateway           Summ/Tloc      24%        N/A       96%         7
 Spellforged Servitor     Conj/Summ      24%        N/A       96%         7
 Conjure Ball Lightning   Conj/Air       11%        3x3d7     100%        6
 Death Channel            Necr           11%        N/A       100%        6
 Eringya's Noxious Bog    Tmut/Pois      11%        N/A       100%        6
 Iron Shot                Conj/Erth      11%        9d3       100%        6
 Ozocubu's Refrigeration  Ice            11%        4d9       100%        7
 Storm Form               Tmut/Air       11%        N/A       100%        7
 Discord                  Hex            11%        N/A       100%        8
 Disjunction              Tloc           11%        N/A       100%        8
 Infestation              Necr           11%        N/A       100%        8
 Simulacrum               Ice/Necr       Unusable   N/A       N/A         6

Dungeon Overview and Level Annotations

Branches:
Dungeon (1/1)

Altars:
Ashenzari
Cheibriados
Dithmenos
Elyvilon
Fedhas
Gozag
Hepliaklqana
Kikubaaqudgha
Makhleb
Nemelex Xobeh
Okawaru
Qazlal
Ru
Sif Muna
Trog
Uskayaw
Vehumet
Wu Jian
Xom
Yredelemnul
Zin
The Shining One
Beogh
Jiyva
Lugonu

Shops:
D =*[![*[?*?((**


Innate Abilities, Weirdness & Mutations

You have sharp toenails.
You expend magic power (3 MP) to strengthen your wands.


Message History

The shadow demon is almost dead.
You block the shadow demon's attack.
You slice the shadow demon!!
You kill the shadow demon!
You now have 4771 gold pieces (gained 63).
There is a huge open gate to the Vestibule (Extremely Hard) here.
There is a huge open gate to the Vestibule (Extremely Hard), spattered with blood here.
You see here a +0 shortbow.
Items here: ( )) [[[.
You open the huge gate.
Things that are here:
a +0 glaive; a +0 mace
There is a huge open gate to the Grid Vault (Hard) here.
There is a huge open gate to the Main Hall (Safe) here.
You open the huge gate.
There is a huge open gate to the Grid Vault (Hard) here.
There is a huge open gate to the Grid Vault (Hard) here.
There is an open door to the Entrance Hall (Safe) here.
Your extra speed is starting to run out.
An Orb Guardian comes into view.
There is a staircase leading out of the dungeon here.
You rampage towards the Orb Guardian!
You block the Orb Guardian's attack.
There is an open door to the Entrance Hall (Safe) here.
You cut the Orb Guardian into ribbons!!!
The Orb Guardian is severely wounded.
You block the Orb Guardian's attack.
You slash the Orb Guardian!
The Orb Guardian is severely wounded.
You block the Orb Guardian's attack.
You hit the Orb Guardian.
The Orb Guardian is almost dead.
You slash the Orb Guardian!
You kill the Orb Guardian!
You feel yourself slow down.
You now have 4969 gold pieces (gained 198).
There is an open door to the Entrance Hall (Safe) here.
There is a staircase leading out of the dungeon here.
You can't go down here!
Unknown command.
You have escaped!

##########)##................''..
#.........))'................''..
#'#####)#####......#..#......##..
#.#..#..#..##................##..
#.#..)..#.)#####'#####++#########
#.#.)####))##.......##++# ######
#.#..#..#))##.......##..# *#.....
#.#..#..#[.##.......##..#*#..#)#.
#.##'#..#'###...@...##..##..##.##
#.#...)....##.......##..##.##...#
#[#........##.......##..####.....
#[###########.......##.[)##......
#.......#..###########....+...!..
#..###..#.############...##......
#.......#.#....#...[##..####.....
##.###.##'#....#...[##..##.##...#
#.......#.'....'..))##..##..##.##


There were no monsters in sight!

Vanquished Creatures
  Antaeus (D)
  Dissolution (D)
  Ereshkigal (D)
  the Serpent of Hell (D)
  Lom Lobon (D)
  2 orbs of fire (D)
  5 ancient liches (D)
  Tiamat (D)
  Mara (D)
  5 royal mummies (D)
  Boris (D)
  2 Killer Klowns (D)
  Frederick (D)
  Xtahua (D)
  the Lernaean hydra (D)
  A curse toe (D)
  Margery (D)
  Saint Roka (D)
  Nikola (D)
  A golden dragon (D)
  A profane servitor (D)
  2 bone dragons (D)
  3 Tzitzimimeh (D)
  6 electric golems (D)
  5 pandemonium lords (D)
  3 Brimstone Fiends (D)
  9 Hell Sentinels (D)
  3 tentacled monstrosities (D)
  5 liches (D)
  An Ice Fiend (D)
  27 Orb Guardians (D)
  5 titans (D)
  3 deep elf blademasters (D)
  3 deep elf master archers (D)
  Murray (D)
  2 quicksilver dragons (D)
  2 Executioners (D)
  2 acid blobs (D)
  2 sphinxes (D)
  A death cob (D)
  2 shadow dragons (D)
  A storm dragon (D)
  3 azure jellies (D)
  4 draconian knights (D)
  A demonspawn warmonger (D)
  4 nagarajas (D)
  4 draconian monks (D)
  2 rockslimes (D)
  2 ghost moths (D)
  Louise (D)
  An emperor scorpion (D)
  2 deep elf sorcerers (D)
  A fire giant (D)
  3 draconian shifters (D)
  2 draconian scorchers (D)
  4 spriggan defenders (D)
  A ghoul (D)
  3 iron dragons (D)
  3 balrugs (D)
  4 reapers (D)
  3 orc warlords (D)
  2 draconian stormcallers (D)
  A war gargoyle (D)
  7 vampire knights (D)
  Nessos (D)
  2 lorocyprocas (D)
  A green draconian (D)
  A stone giant (D)
  2 apis (D)
  A black draconian (D)
  3 deep elf demonologists (D)
  6 white draconians (D)
  A minotaur (D)
  2 purple draconians (D)
  4 red draconians (D)
  3 yellow draconians (D)
  2 dire elephants (D)
  A deep elf annihilator (D)
  3 mummy priests (D)
  A blizzard demon (D)
  3 yaktaur captains (D)
  2 ettins (D)
  3 deep elf high priests (D)
  A merfolk impaler (D)
  2 vault guards (D)
  7 fire dragons (D)
  A hell beast (D)
  5 great orbs of eyes (D)
  An alligator snapping turtle (D)
  6 ice dragons (D)
  A spriggan air mage (D)
  2 catoblepae (D)
  2 merfolk avatars (D)
  A death knight (D)
  An ogre mage (D)
  A centaur warrior (D)
  2 merfolk aquamancers (D)
  A boulder beetle (D)
  A two-headed ogre (D)
  A death yak (D)
  A deep troll shaman (D)
  2 naga warriors (D)
  An alligator (D)
  An anaconda (D)
  8 vampire magi (D)
  5 hell knights (D)
  A soul eater (D)
  A sun demon (D)
  A fire crab (D)
  3 iron trolls (D)
  A death drake (shapeshifter) (D)
  A sixfirhy (D)
  A deep troll (D)
  9 skeletal warriors (D)
  A glowing orange brain (shapeshifter) (D)
  A cherub (D)
  A goliath frog (shapeshifter) (D)
  8 flayed ghosts (D)
  A bog body (D)
  A shadow demon (D)
  3 harpies (D)
  10 orc knights (D)
  A deep elf pyromancer (D)
  2 necromancers (D)
  3 wolf spiders (D)
  8 elephants (D)
  Maurice (D)
  A smoke demon (D)
  2 orange demons (D)
  A cane toad (D)
  2 guardian serpents (D)
  An eye of devastation (D)
  2 molten gargoyles (D)
  A hellion (D)
  4 ice devils (D)
  A rime drake (D)
  6 yaktaurs (D)
  6 freezing wraiths (D)
  A guardian mummy (D)
  A hellwing (D)
  A wandering mushroom (D)
  A kobold demonologist (D)
  5 merfolk (D)
  A tormentor (D)
  2 wind drakes (D)
  4 blink frogs (D)
  3 polar bears (D)
  A hornet (D)
  4 dream sheep (D)
  A jumping spider (D)
  A spriggan (D)
  A wraith (D)
  6 vampires (D)
  A ynoxinul (D)
  3 water elementals (D)
  2 yaks (D)
  3 fire elementals (D)
  3 redbacks (D)
  A steam dragon (D)
  3 wargs (D)
  An acid dragon (D)
  4 floating eyes (D)
  2 swamp drakes (D)
  7 orc warriors (D)
  3 ogres (D)
  9 wolves (D)
  A centaur (D)
  A kobold brigand (D)
  2 necrophages (D)
  An earth elemental (D)
  A gnoll sergeant (D)
  A scorpion (D)
  3 wights (D)
  8 killer bees (D)
  A crimson imp (D)
  A hound (D)
  A jelly (D)
  An orc wizard (D)
  A hell rat (D)
  2 mummies (D)
  A gnoll (D)
  2 river rats (D)
  A white imp (D)
  3 adder skeletons (D)
  An adder zombie (D)
  An adder simulacrum (D)
  8 orcs (D)
  4 bats (D)
  An endoplasm (D)
  A goblin (D)
  6 jackals (D)
  A kobold (D)
  A ball python (D)
  2 ball python skeletons (D)
  2 ball python zombies (D)
  2 bat simulacra (D)
  A giant cockroach simulacrum (D)
  A jackal simulacrum (D)
  A jackal skeleton (D)
  2 quokka skeletons (D)
  A rat (D)
  A ball lightning (D)
503 creatures vanquished.

Vanquished Creatures (others)
  A blizzard demon (D)
  2 deep elf knights (D)
  A yak (D)
  A ball python zombie (D)
  A ball lightning (D)
6 creatures vanquished.

Grand Total: 509 creatures vanquished

Notes
Turn   | Place    | Note
-------+----------+-------------------------------------------
     0 | D        | rocky1 the Hill Orc Fighter began the quest for the Orb.
     0 | D        | Reached XP level 1. HP: 19/19 MP: 1/1
    44 | D        | Found a bloodstained altar of Trog.
    44 | D        | Found a shimmering blue altar of Sif Muna.
    44 | D        | Found a viscous altar of Jiyva.
    44 | D        | Found a hazy altar of Hepliaklqana.
    44 | D        | Found an opulent altar of Gozag.
    45 | D        | Found a glowing golden altar of the Shining One.
    45 | D        | Found a glowing silver altar of Zin.
    45 | D        | Found a basalt altar of Yredelemnul.
    45 | D        | Found a shimmering altar of Xom.
    45 | D        | Found an ornate altar of the Wu Jian Council.
    45 | D        | Found a sacrificial altar of Ru.
    45 | D        | Found a stormy altar of Qazlal.
    45 | D        | Found an iron altar of Okawaru.
    45 | D        | Found a sparkling altar of Nemelex Xobeh.
    45 | D        | Found a burning altar of Makhleb.
    45 | D        | Found a blossoming altar of Fedhas.
    45 | D        | Found a white marble altar of Elyvilon.
    45 | D        | Found a shadowy altar of Dithmenos.
    45 | D        | Found a snail-covered altar of Cheibriados.
    48 | D        | Found a corrupted altar of Lugonu.
    48 | D        | Found a radiant altar of Vehumet.
    48 | D        | Found a roughly hewn altar of Beogh.
    49 | D        | Found an ancient bone altar of Kikubaaqudgha.
    49 | D        | Found a hide-covered altar of Uskayaw.
    49 | D        | Found a broken altar of Ashenzari.
    52 | D        | Became a worshipper of Gozag Ym Sagoz the Greedy
    68 | D        | Reached XP level 2. HP: 28/28 MP: 2/2
   287 | D        | Reached skill level 5 in Fighting
   293 | D        | Noticed a kobold brigand
   301 | D        | Killed a kobold brigand
   302 | D        | Reached skill level 5 in Axes
   302 | D        | Reached skill level 5 in Armour
   302 | D        | Reached skill level 5 in Shields
   302 | D        | Reached XP level 3. HP: 37/38 MP: 3/3
   302 | D        | Reached XP level 4. HP: 44/45 MP: 4/4
   403 | D        | Noticed a floating eye
   409 | D        | Paralysed by a floating eye for 2 turns
   417 | D        | Paralysed by a floating eye for 2 turns
   421 | D        | Paralysed by a floating eye for 2 turns
   425 | D        | Reached XP level 5. HP: 45/52 MP: 5/5
   430 | D        | Paralysed by a floating eye for 3 turns
   437 | D        | Paralysed by a floating eye for 3 turns
   447 | D        | Paralysed by a floating eye for 3 turns
   455 | D        | Paralysed by a floating eye for 4 turns
   465 | D        | Reached XP level 6. HP: 43/61 MP: 6/6
   469 | D        | Killed a floating eye
   470 | D        | Reached skill level 1 in Dodging
   484 | D        | Reached skill level 10 in Axes
   824 | D        | Reached XP level 7. HP: 55/70 MP: 7/7
   875 | D        | Bought an amulet of reflection for 330 gold pieces
   883 | D        | Noticed an orange demon
   896 | D        | Killed an orange demon
   897 | D        | Reached skill level 10 in Fighting
   897 | D        | Reached skill level 10 in Armour
   897 | D        | Reached skill level 1 in Stealth
  1314 | D        | Reached XP level 8. HP: 79/79 MP: 8/8
  1453 | D        | Noticed Maurice
  1453 | D        | Noticed a jumping spider
  1488 | D        | Killed Maurice
  1562 | D        | Killed a jumping spider
  1650 | D        | Noticed a polar bear
  1650 | D        | Noticed a spriggan rider
  1650 | D        | Noticed a deep elf pyromancer
  1650 | D        | Noticed a rime drake
  1660 | D        | Killed a polar bear
  1660 | D        | Killed a hornet
  1661 | D        | Reached skill level 15 in Axes
  1661 | D        | Reached XP level 9. HP: 89/89 MP: 9/9
  1668 | D        | Killed a deep elf pyromancer
  1677 | D        | Killed a rime drake
  1727 | D        | Bought a potion of heal wounds for 65 gold pieces
  1727 | D        | Bought a potion of heal wounds for 65 gold pieces
  1727 | D        | Bought a potion of curing for 39 gold pieces
  1727 | D        | Bought a potion of heal wounds for 65 gold pieces
  1746 | D        | Reached XP level 10. HP: 84/99 MP: 10/10
  1756 | D        | Noticed a guardian serpent
  1764 | D        | Reached skill level 10 in Shields
  1769 | D        | Killed a guardian serpent
  1770 | D        | Reached skill level 15 in Armour
  1820 | D        | Bought a potion of lignification for 39 gold pieces
  1820 | D        | Bought a potion of flight for 39 gold pieces
  1820 | D        | Bought a potion of degeneration for 13 gold pieces
  1820 | D        | Bought a potion of might for 52 gold pieces
  1839 | D        | Noticed a boulder beetle
  1866 | D        | Killed a boulder beetle
  1918 | D        | Noticed a molten gargoyle
  1935 | D        | Killed a molten gargoyle
  1936 | D        | Reached XP level 11. HP: 38/111 MP: 11/11
  2131 | D        | Bought a scroll labelled LAOMED JEOPT for 38 gold pieces
  2131 | D        | Bought a vibrating jade ring for 190 gold pieces
  2131 | D        | Identified the ring "Tionuox" {rC+ rCorr AC+4 Str+4 Stlth+}
                  | (You bought it in a shop in the Dungeon)
  2131 | D        | Bought a potion of invisibility for 304 gold pieces
  2131 | D        | Bought a potion of magic for 304 gold pieces
  2131 | D        | Bought a pair of runed boots for 285 gold pieces
  2146 | D        | Noticed a flayed ghost
  2161 | D        | Killed a flayed ghost
  2162 | D        | Reached skill level 15 in Fighting
  2165 | D        | Noticed a death yak
  2195 | D        | Killed a death yak
  2301 | D        | Bought a glowing war axe for 247 gold pieces
  2301 | D        | Bought a runed war axe for 247 gold pieces
  2441 | D        | Acquired the ring of the First Heavens {rN+ Will+ Slay+4}
  2511 | D        | Noticed a two-headed ogre
  2524 | D        | Killed a two-headed ogre
  2541 | D        | Noticed a sixfirhy
  2551 | D        | Killed a sixfirhy
  2621 | D        | Noticed a catoblepas
  2645 | D        | Killed a catoblepas
  2965 | D        | Noticed a death cob
  2971 | D        | Reached XP level 12. HP: 124/125 MP: 12/12
  2979 | D        | Killed a death cob
  3168 | D        | Bought a forked brass wand for 88 gold pieces
  3168 | D        | Bought a condenser vane for 880 gold pieces
  3168 | D        | Bought a scroll labelled VEDUDATOKK for 22 gold pieces
  3168 | D        | Bought a scroll labelled BAITEOM DAMUVO for 22 gold pieces
  3208 | D        | Noticed a vampire knight
  3220 | D        | Killed a vampire knight
  3269 | D        | Noticed an orc warlord
  3269 | D        | Noticed an orc warlord
  3311 | D        | Killed an orc warlord
  3331 | D        | Killed an orc warlord
  3332 | D        | Reached skill level 5 in Stealth
  3503 | D        | Noticed a deep elf knight
  3506 | D        | Reached skill level 5 in Evocations
  3514 | D        | Killed a deep elf knight
  3547 | D        | Noticed a yaktaur captain
  3604 | D        | Killed a yaktaur captain
  3846 | D        | Noticed a naga warrior
  3854 | D        | Killed a naga warrior
  3855 | D        | Reached XP level 13. HP: 120/136 MP: 13/13
  3933 | D        | Noticed a yaktaur captain
  3936 | D        | Killed a yaktaur captain
  3963 | D        | Noticed a merfolk impaler
  3974 | D        | Killed a merfolk impaler
  3999 | D        | Noticed a vault guard
  4005 | D        | Killed a vault guard
  4013 | D        | Noticed an ice dragon
  4014 | D        | Noticed a yaktaur captain
  4026 | D        | Reached skill level 15 in Shields
  4027 | D        | Killed an ice dragon
  4036 | D        | Killed a yaktaur captain
  4287 | D        | Got the +2 plate armour of Fashionability {rCorr SInv}
  4313 | D        | Got the +2 plate armour of the Chupacabra {rC+ rCorr}
  4382 | D        | Found the +8 Vampire's Tooth {vamp}
  4458 | D        | Noticed a white draconian
  4458 | D        | Noticed a nagaraja
  4478 | D        | Killed a white draconian
  4486 | D        | Killed a nagaraja
  4809 | D        | Got the +1 scale mail of Hyesiss {rPois Int+4}
  4832 | D        | Noticed Saint Roka
  4843 | D        | Noticed a fire dragon
  4860 | D        | Killed Saint Roka
  4861 | D        | Reached skill level 10 in Evocations
  4867 | D        | Noticed a great orb of eyes
  4867 | D        | Noticed a vampire knight
  4878 | D        | Killed a great orb of eyes
  4879 | D        | Killed a vampire knight
  4880 | D        | Reached skill level 10 in Stealth
  4880 | D        | Reached XP level 14. HP: 103/149 MP: 14/14
  5008 | D        | Bought a glowing plate armour for 754 gold pieces
  5008 | D        | Bought a runed helmet for 217 gold pieces
  5008 | D        | Bought a glowing scarf for 232 gold pieces
  5008 | D        | Bought a crystal plate armour for 2320 gold pieces
  5141 | D        | Noticed an emperor scorpion
  5160 | D        | Killed an emperor scorpion
  5178 | D        | Noticed a nagaraja
  5198 | D        | Killed a nagaraja
  5346 | D        | Noticed a ghost moth
  5366 | D        | Killed a ghost moth
  5482 | D        | Bought a pair of heavily runed gloves for 237 gold pieces
  5482 | D        | Identified the +0 pair of gloves of Hangman {Will+ Stlth+}
                  | (You bought it in a shop in the Dungeon)
  5482 | D        | Bought a jewelled cloak for 237 gold pieces
  5482 | D        | Identified the +0 cloak "Hokutioh" {rN+} (You bought it in
                  | a shop in the Dungeon)
  5482 | D        | Bought crude fire dragon scales for 1625 gold pieces
  5482 | D        | Identified the +0 fire dragon scales of the Postmodern
                  | Ghosts {rElec rF++ rC-} (You bought it in a shop in the
                  | Dungeon)
  5504 | D        | Noticed an orc warlord
  5511 | D        | Noticed a profane servitor
  5524 | D        | Killed an orc warlord
  5535 | D        | Killed a profane servitor
  5536 | D        | Reached skill level 5 in Dodging
  5536 | D        | Noticed a green draconian
  5543 | D        | Noticed a deep elf demonologist
  5549 | D        | Noticed a lorocyproca
  5549 | D        | Killed a green draconian
  5556 | D        | Killed a lorocyproca
  5558 | D        | Killed a deep elf demonologist
  5561 | D        | Noticed a stone giant
  5565 | D        | Noticed a yellow draconian
  5567 | D        | Killed a stone giant
  5570 | D        | Killed a yellow draconian
  5570 | D        | Noticed a nagaraja
  5574 | D        | Killed a nagaraja
  5595 | D        | Reached skill level 27 in Axes
  5606 | D        | Reached XP level 15. HP: 85/162 MP: 15/15
  5822 | D        | Noticed Nessos
  5848 | D        | Killed Nessos
  6122 | D        | Noticed a shadow dragon
  6127 | D        | Noticed a bone dragon
  6134 | D        | Killed a shadow dragon
  6142 | D        | Killed a bone dragon
  6268 | D        | Noticed a black draconian knight
  6273 | D        | Noticed Dissolution
  6280 | D        | Paralysed by a floating eye for 3 turns
  6907 | D        | Killed a black draconian knight
  7249 | D        | Bought a potion of curing for 42 gold pieces
  7249 | D        | Bought 2 potions of curing for 84 gold pieces
  7249 | D        | Bought a potion of curing for 42 gold pieces
  7249 | D        | Bought a potion of heal wounds for 70 gold pieces
  7249 | D        | Bought a potion of curing for 42 gold pieces
  7269 | D        | Killed Dissolution
  7270 | D        | Reached skill level 15 in Evocations
  7324 | D        | Got the Secrets of Incandescence
  7453 | D        | Noticed a lich
  7475 | D        | Identified the +10 long sword of Symmetry {vorpal, Will+
                  | Stlth+}
  7490 | D        | Killed a lich
  7496 | D        | Noticed a ghoul
  7497 | D        | Noticed a lich
  7498 | D        | Noticed a lich
  7512 | D        | Killed a lich
  7519 | D        | Reached skill level 10 in Dodging
  7519 | D        | Killed a lich
  7525 | D        | Killed a ghoul
  7548 | D        | Identified the ring of Due Proportion {Ice rPois Will-
                  | Str+3}
  7568 | D        | Reached XP level 16. HP: 129/177 MP: 16/16
  7677 | D        | Got a silver rune of Zot
  7837 | D        | Bought a potion of invisibility for 200 gold pieces
  7837 | D        | Bought a scroll labelled UCHAIG ALAI for 25 gold pieces
  7837 | D        | Bought a potion of magic for 200 gold pieces
  7837 | D        | Bought a warped chain mail for 237 gold pieces
  7837 | D        | Identified the +0 chain mail of Makhleb's Esteem {rN+ Will-
                  | Int+5 Dex+2} (You bought it in a shop in the Dungeon)
  7973 | D        | Bought a potion of magic for 176 gold pieces
  7998 | D        | Noticed a sphinx
  8019 | D        | Killed a sphinx
  8066 | D        | Noticed a lich
  8074 | D        | Killed a lich
  8305 | D        | Noticed a sphinx
  8307 | D        | Noticed a green draconian monk
  8322 | D        | Killed a green draconian monk
  8327 | D        | Killed a sphinx
  8331 | D        | Noticed a green draconian monk
  8336 | D        | Killed a green draconian monk
  8691 | D        | Got the Papyrus of Clay
  8698 | D        | Got the Verses on Iniquitous Magicks
  8719 | D        | Got Xipob's Secrets of Turbulent Poisoning
  8734 | D        | Learned a level 8 spell: Ignition
  8776 | D        | Got the ring of Agodwo Luor {Wiz rN+}
  8778 | D        | Got the ring of the Real Monster {Will+ Str+3 Dex+7}
  8780 | D        | Got the ring of Xiewaep {rC+ Dex+6 Slay+3}
  8782 | D        | Got the ring of Jyzy {Fire Will+}
  8784 | D        | Got the ring of Satisfaction {Fire Fly SInv Stlth+}
  8786 | D        | Got the ring "Ovvon" {rPois rF+ MP-9 Str+4 Slay+2}
  8790 | D        | Got the amulet "Etzuill" {Acrobat Harm rF+ Str+6 Dex+3}
  8792 | D        | Got the amulet "Ongarano" {Faith Drain rC+ Will++ SInv}
  8796 | D        | Got the amulet of Osasuo {RegenMP Harm +Blink Int+2}
  8798 | D        | Got the amulet "Zaadus" {Regen+ rCorr Int+5 Dex+2}
  8800 | D        | Got the ring of Zurecox {Wiz rF- rC+ Slay+6}
  8802 | D        | Got the ring "Eciseronn" {*Slow rN+ Will+ rCorr}
  8804 | D        | Got the ring of Conformity {Ice Str+3 Int+4 Dex+5}
  8806 | D        | Got the ring "Solubrum" {rF++ rN+}
  8808 | D        | Got the ring of the Kangaroo {rF++ Str+2 Int+4 Dex+4
                  | Slay+5}
  8810 | D        | Got the amulet "Fadgh" {Faith Harm SInv}
  8812 | D        | Got the amulet of Trepidation {Reflect Dex+3 Slay+4 SH+5}
  8814 | D        | Got the ring of Toukaff {Fire Will+}
  8816 | D        | Got the ring "Rahoted" {Fire rPois Int+3 Stlth+}
  8864 | D        | Got the ring "Iwnaviut" {Wiz rN+ Int+2}
  8866 | D        | Got the ring "Zaileoss" {rPois Will+ Dex+3}
  8868 | D        | Got the ring "Acwitiewn" {rF+ rCorr EV+6 SInv}
  8872 | D        | Got the ring "Issediys" {rPois Str+6 Int-4 Dex+6 Slay-6}
  8874 | D        | Got the amulet of Bodily Harmony {Acrobat rF+ rC+ Int+3
                  | Dex+4}
  8916 | D        | Noticed a Tzitzimitl
  8928 | D        | Killed a Tzitzimitl
  8929 | D        | Reached skill level 27 in Fighting
  8962 | D        | Bought a scroll of fear for 84 gold pieces
  8962 | D        | Bought a potion of mutation for 168 gold pieces
  8962 | D        | Bought a pair of embroidered gloves for 157 gold pieces
  8967 | D        | Noticed a tentacled monstrosity
  8971 | D        | Killed a tentacled monstrosity
  9002 | D        | Noticed a titan
  9006 | D        | Killed a titan
  9113 | D        | Noticed an electric golem
  9131 | D        | Killed an electric golem
  9442 | D        | Noticed a deep elf master archer
  9444 | D        | Killed a deep elf master archer
  9447 | D        | Noticed an orb of fire
  9447 | D        | Noticed a royal mummy
  9462 | D        | Gained mutation: You are dopey. (Int -2) [an orb of fire]
  9465 | D        | Gained mutation: You are very dopey. (Int -4) [an orb of
                  | fire]
  9467 | D        | Killed an orb of fire
  9468 | D        | Reached skill level 27 in Armour
  9484 | D        | Reached XP level 17. HP: 115/191 MP: 17/17
  9496 | D        | Killed a royal mummy
  9654 | D        | Noticed a deep elf blademaster
  9660 | D        | Killed a deep elf blademaster
  9672 | D        | Noticed an electric golem
  9687 | D        | Killed an electric golem
  9773 | D        | Noticed a Hell Sentinel
  9780 | D        | Killed a Hell Sentinel
  9807 | D        | Noticed Frederick
  9814 | D        | Killed Frederick
  9881 | D        | Reached skill level 27 in Shields
  9885 | D        | Noticed Murray
  9910 | D        | Killed Murray
 10110 | D        | Reached skill level 15 in Dodging
 10114 | D        | Noticed Akliod the pandemonium lord
 10124 | D        | Killed Akliod the pandemonium lord
 10250 | D        | Noticed an Ice Fiend
 10255 | D        | Killed an Ice Fiend
 10449 | D        | Noticed a golden dragon
 10455 | D        | Killed a golden dragon
 10527 | D        | Bought a scroll of enchant weapon for 75 gold pieces
 10527 | D        | Bought 2 potions of heal wounds for 100 gold pieces
 10528 | D        | Noticed a titan
 10535 | D        | Killed a titan
 10589 | D        | Noticed an acid blob
 10594 | D        | Killed an acid blob
 10611 | D        | Noticed a Hell Sentinel
 10620 | D        | Killed a Hell Sentinel
 10980 | D        | Noticed Antaeus
 11094 | D        | Killed Antaeus
 11407 | D        | Noticed a Brimstone Fiend
 11412 | D        | Killed a Brimstone Fiend
 11416 | D        | Noticed a titan
 11422 | D        | Killed a titan
 11426 | D        | Noticed a royal mummy
 11437 | D        | Killed a royal mummy
 11729 | D        | Noticed a lich
 11732 | D        | Killed a lich
 11749 | D        | Noticed a Hell Sentinel
 11757 | D        | Killed a Hell Sentinel
 11761 | D        | Noticed a royal mummy
 11767 | D        | Killed a royal mummy
 11768 | D        | Reached XP level 18. HP: 105/200 MP: 18/18
 11948 | D        | Noticed a tentacled monstrosity
 11954 | D        | Killed a tentacled monstrosity
 11965 | D        | Noticed a quicksilver dragon
 11972 | D        | Killed a quicksilver dragon
 12003 | D        | Noticed a Hell Sentinel
 12018 | D        | Killed a Hell Sentinel
 12025 | D        | Noticed an ancient lich
 12038 | D        | Killed an ancient lich
 12238 | D        | Noticed a Hell Sentinel
 12250 | D        | Killed a Hell Sentinel
 12385 | D        | Noticed a Hell Sentinel
 12395 | D        | Killed a Hell Sentinel
 12632 | D        | Noticed Lom Lobon
 12633 | D        | Noticed a titan
 12634 | D        | Noticed the Serpent of Hell
 12636 | D        | Noticed an ancient lich
 12637 | D        | Killed a titan
 12651 | D        | Killed Lom Lobon
 12655 | D        | Killed an ancient lich
 12656 | D        | Reached skill level 27 in Dodging
 12675 | D        | Killed the Serpent of Hell
 12676 | D        | Reached skill level 5 in Fire Magic
 12984 | D        | Noticed a royal mummy
 12991 | D        | Killed a royal mummy
 13183 | D        | Noticed an ancient lich
 13190 | D        | Killed an ancient lich
 13191 | D        | Reached skill level 5 in Spellcasting
 13388 | D        | Noticed a royal mummy
 13394 | D        | Killed a royal mummy
 13755 | D        | Noticed an orb of fire
 13755 | D        | Gained mutation: You are frail. (-10% HP) [an orb of fire]
 13768 | D        | Killed an orb of fire
 13769 | D        | Reached skill level 10 in Fire Magic
 13936 | D        | Lost mutation: You are frail. (-10% HP) [potion of
                  | mutation]
 13936 | D        | Lost mutation: You are very dopey. (Int -4) [potion of
                  | mutation]
 13936 | D        | Lost mutation: You are dopey. (Int -2) [potion of mutation]
 13936 | D        | Gained mutation: You are partially covered in iridescent
                  | scales. (AC +2) [potion of mutation]
 13936 | D        | Lost mutation: You are partially covered in iridescent
                  | scales. (AC +2) [potion of mutation]
 13936 | D        | Gained mutation: You expend magic power (3 MP) to
                  | strengthen your wands. [potion of mutation]
 13936 | D        | Gained mutation: You have sharp toenails. [potion of
                  | mutation]
 13938 | D        | Found the +12 glaive of Prune {vorpal}
 13978 | D        | Got the ring "Duta" {rN++ Will+ Str+2 Int+3}
 13981 | D        | Got the ring "Hairovvy" {Dex+6 Stlth+}
 13983 | D        | Got the ring "Fuclezea" {Will+ Str+7}
 13995 | D        | Got an iron rune of Zot
 13997 | D        | Got the ring "Ulut" {Fire +Blink Int+9 Dex-2}
 13999 | D        | Got the ring "Hoowat" {rC+ SInv}
 14005 | D        | Got the amulet "Nier" {*Slow rC+++ Regen+ Int-2 Dex+8}
 14007 | D        | Got the ring "Hamn" {*Corrode rC+ Dex+6 SInv}
 14032 | D        | Got the ring "Tafac" {Fly rN+ EV+4 Dex+4}
 14035 | D        | Got the amulet of Akhlufeolo {Regen+ Str+2}
 14419 | D        | Noticed an electric golem
 14421 | D        | Noticed Qures the pandemonium lord
 14426 | D        | Noticed a deep elf blademaster
 14429 | D        | Noticed Xtahua
 14433 | D        | Killed an electric golem
 14438 | D        | Noticed a tentacled monstrosity
 14445 | D        | Killed Qures the pandemonium lord
 14446 | D        | Killed a deep elf blademaster
 14453 | D        | Killed Xtahua
 14453 | D        | Noticed an electric golem
 14454 | D        | Reached skill level 10 in Spellcasting
 14463 | D        | Killed a tentacled monstrosity
 14464 | D        | Reached XP level 19. HP: 133/207 MP: 22/33
 14475 | D        | Killed an electric golem
 14488 | D        | Reached skill level 15 in Fire Magic
 14501 | D        | Noticed an ancient lich
 14504 | D        | Found the +4 dragonskin cloak
 14504 | D        | Noticed Tiamat
 14592 | D        | Killed an ancient lich
 14994 | D        | Killed Tiamat
 15107 | D        | Got the ring of Nuxka {rPois rF+ rN+}
 15109 | D        | Got the ring "Gaqaob" {Wiz Will+ Str-2 Int+4 Stlth+}
 15111 | D        | Got the ring "Tinlac" {Fire *Slow rPois rN+}
 15113 | D        | Got the amulet "Diyr" {RegenMP rN+ Str+5 Int-4}
 15115 | D        | Got the ring "Weuduebo" {Wiz Contam Int+3 Dex+3 Stlth+}
 15117 | D        | Got the ring of Wach {Ice Str+4 Int+7}
 15119 | D        | Got the ring of Amorality {rF+ rCorr Dex+3}
 15121 | D        | Got the ring of Departure {rElec rCorr Dex+3}
 15208 | D        | Got the +9 broad axe of Goocw {spect, *Noise rF+ rCorr
                  | Str+2}
 15232 | D        | Bought a scroll of acquirement for 884 gold pieces
 15233 | D        | Acquired rocky1's Textbook on Unified Direction
 15273 | D        | Noticed a bone dragon
 15285 | D        | Killed a bone dragon
 15286 | D        | Noticed Nikola
 15308 | D        | Noticed Boris
 15318 | D        | Killed Boris
 15319 | D        | Reached skill level 15 in Spellcasting
 15326 | D        | Killed Nikola
 15516 | D        | Noticed Mara
 15517 | D        | Noticed a Killer Klown
 15518 | D        | Noticed Margery
 15535 | D        | Noticed rocky1's illusion
 15542 | D        | Killed Margery
 15544 | D        | Noticed a Hell Sentinel
 15546 | D        | Noticed a Hell Sentinel
 15547 | D        | Paralysed by a floating eye for 4 turns
 15552 | D        | Killed Mara
 15554 | D        | Killed a Killer Klown
 15562 | D        | Noticed Louise
 15566 | D        | Reached skill level 27 in Evocations
 15571 | D        | Killed a Hell Sentinel
 15572 | D        | Killed a Hell Sentinel
 15573 | D        | Reached XP level 20. HP: 95/216 MP: 39/41
 15577 | D        | Noticed the 27-headed Lernaean hydra
 15596 | D        | Killed the 22-headed Lernaean hydra
 15604 | D        | Killed Louise
 16075 | D        | Noticed an electric golem
 16076 | D        | Noticed an electric golem
 16087 | D        | Killed an electric golem
 16090 | D        | Noticed an ancient lich
 16091 | D        | Noticed Caoli the pandemonium lord
 16095 | D        | Killed an ancient lich
 16099 | D        | Killed an electric golem
 16106 | D        | Killed Caoli the pandemonium lord
 16107 | D        | Reached skill level 27 in Fire Magic
 16188 | D        | Noticed a curse toe
 16220 | D        | Noticed Zeock the pandemonium lord
 16246 | D        | Killed Zeock the pandemonium lord
 16267 | D        | Noticed a Tzitzimitl
 16268 | D        | Killed a curse toe
 16275 | D        | Killed a Tzitzimitl
 16276 | D        | Noticed a Killer Klown
 16276 | D        | Noticed Ereshkigal
 16279 | D        | Noticed a Tzitzimitl
 16614 | D        | Learned a level 8 spell: Summon Horrible Things
 16652 | D        | Noticed a Tzitzimitl
 16670 | D        | Noticed a Tzitzimitl
 16677 | D        | Killed Ereshkigal
 16704 | D        | Killed a Killer Klown
 16966 | D        | Bought a scroll of fear for 88 gold pieces
 16969 | D        | Bought a fine plate armour for 644 gold pieces
 16969 | D        | Identified the +8 plate armour "Giotsi" {Str+10 Int-4 SInv
                  | Stlth+} (You bought it in a shop in the Dungeon)
 16969 | D        | Bought a pair of faintly humming boots for 218 gold pieces
 16969 | D        | Identified the +2 pair of boots "Sap Zeidd" {Harm} (You
                  | bought it in a shop in the Dungeon)
 16969 | D        | Bought a jewelled chain mail for 218 gold pieces
 16969 | D        | Identified the +12 chain mail of the Carpenter {rElec Will+
                  | Slay+2} (You bought it in a shop in the Dungeon)
 17030 | D        | Noticed a Tzitzimitl
 17039 | D        | Killed a Tzitzimitl
 17040 | D        | Reached skill level 10 in Summonings
 17044 | D        | Noticed Syrexasuoc the pandemonium lord
 17354 | D        | Noticed a Brimstone Fiend
 17366 | D        | Killed a Brimstone Fiend
 17371 | D        | Killed Syrexasuoc the pandemonium lord
 17424 | D        | Reached XP level 21. HP: 187/224 MP: 26/50
 17521 | D        | Got the Orb of Zot
 17570 | D        | Reached skill level 15 in Summonings
 17664 | D        | Escaped with the Orb!

Illustrated notes

Levels and vault maps discovered:
D:        pitsprint [storerooms_1, entrance_room_1, metal_vault_3, armoury_1,
          mini_pit_1, grid_room_1, main_hall_1, silver_pit, the_coven_2,
          the_vestibule_1, steel_vault_2, golden_pit, hallway_of_sentries,
          crystal_vault_4, iron_vault_3, final_vault]

Skill      XL: |  1  2  3  4  5  6  7  8  9 10 11 12 13 14 15 16 17 18 19 20 21 |
---------------+----------------------------------------------------------------+-----
Fighting       | 4 6 7 8 9 10 11 12 14 17 18 20 22 24 27 | 27.0
Axes           | 3 5 7 8 10 12 15 16 19 21 22 24 27 | 27.0
Armour         | 4 5 6 7 9 10 13 14 15 17 18 19 20 23 27 | 27.0
Shields        | 4 5 6 7 8 9 11 12 14 16 18 20 23 27 | 27.0
Dodging        | 1 2 6 10 13 24 27 | 27.0
Stealth        | 1 2 4 7 10 | 10.7
Evocations     | 6 10 13 16 18 22 27 | 27.0
Spellcasting   | 10 17 25 | 25.9
Fire Magic     | 14 23 27 | 27.0
Summonings     | 13 15 | 15.6

Action                   |  1- 3 |  4- 6 |  7- 9 | 10-12 | 13-15 | 16-18 | 19-21 || total
-------------------------+-------+-------+-------+-------+-------+-------+-------++-------
Melee: War axe           |    26 |       |    49 |   312 |   394 |       |       ||   781
       Hand axe          |       |    73 |    39 |       |       |       |       ||   112
       Broad axe         |       |       |       |       |    88 |   654 |   445 ||  1187
 Cast: Ignition          |       |       |       |       |       |       |     8 ||     8
Invok: Call Merchant     |       |       |     2 |     2 |     3 |     4 |     4 ||    15
       Potion Petition   |       |       |       |       |     6 |     4 |     2 ||    12
Evoke: Phantom mirror    |       |       |       |       |       |     1 |       ||     1
       Condenser vane    |       |       |       |       |       |       |     1 ||     1
  Use: Potion            |     1 |     2 |     2 |    16 |     8 |     9 |    18 ||    56
       Scroll            |       |       |       |     2 |    12 |    12 |     3 ||    29
 Stab: Distracted        |       |       |       |     5 |     7 |     7 |    25 ||    44
       Invisible         |       |       |       |    12 |    17 |     4 |       ||    33
       Petrified         |       |       |       |       |     3 |       |       ||     3
Armor: Scale mail        |    12 |       |       |       |       |       |       ||    12
       Plate armour      |       |    34 |    32 |   145 |    57 |       |       ||   268
       Gold dragon scale |       |       |       |       |    64 |   206 |   157 ||   427
       Fire dragon scale |       |       |       |       |    16 |       |       ||    16
Dodge: Dodged            |    14 |    16 |    13 |    45 |    68 |   130 |   141 ||   427
Block: Buckler           |     6 |    13 |    30 |   111 |       |       |       ||   160
       Reflection        |       |       |       |     3 |    15 |     8 |    14 ||    40
       Kite shield       |       |       |       |       |   242 |   409 |   318 ||   969

Table legend: (Time is in decaauts) A = Elapsed time spent in this place. B = Non-inter-level travel time spent in this place. C = Inter-level travel time spent in this place. D = Time resting spent in this place. E = Time spent auto-exploring this place. F = Levels seen in this place. G = Mean time per level. A B C D E F G +--------+--------+--------+--------+--------+-----+--------+ Total | 16942 | 16633 | 309 | 10097 | 0 | 1 | 16942.0 | Dungeon | 16942 | 16633 | 309 | 10097 | 0 | 1 | 16942.0 | +--------+--------+--------+--------+--------+-----+--------+

Top non-repeatable levels by time:
       D: 16942 daAuts
